Map: Lost and Found LE

Players

TRUE - Winner!

  • Race: Zerg Zerg
  • Spawn Location: 1:00

MaNa

  • Race: Protoss Protoss
  • Spawn Location: 7:00

Event: WCS Austin 2018

VOD

Have the link to the VOD?

Description

Time

  • Played on: June 1, 2018, 10:53 p.m.
  • Length: 11:53

All games in this series

Show
View Real Time Build Order
Export as new Build Order

TRUE Zerg - Winner!

Build Orders: 3 Hatch before Pool 

Get SALT Encoding   

  12  0:00  Drone  
  13  0:12  Overlord  
  13  0:17  Drone  
  14  0:31  Drone  
  15  0:44  Hatchery  
  15  0:48  Drone  
  15  0:56  Drone  
  16  1:17  Hatchery  
  15  1:20  Extractor  
  15  1:21  Drone  
  15  1:33  Drone  
  16  1:41  Spawning Pool  
  16  1:44  Drone  
  16  1:48  Evolution Chamber  
  16  1:49  Drone x2  
  18  1:55  Drone  
  18  1:57  Drone  
  21  2:06  Drone  
  21  2:07  Drone  
  23  2:19  Drone x2  
  25  2:28  Metabolic Boost  
  25  2:29  Queen  
  27  2:42  Extractor  
  26  2:49  Zergling x2  
  28  2:51  Hatchery, Overlord  
  28  2:56  Queen, Extractor  
  28  2:58  Zergling x2, Extractor  
  28  3:01  Overlord  
  30  3:17  Drone x3  
  30  3:19  Drone  
  34  3:20  Drone x2  
  36  3:29  Drone x2  
  36  3:31  Queen  
  40  3:39  Drone  
  40  3:40  Drone  
  42  3:48  Queen  
  42  3:54  Overlord  
  44  3:56  Overlord  
  44  4:02  Overlord  
  44  4:03  Drone x2  
  44  4:06  Queen  
  48  4:10  Overlord  
  48  4:12  Evolution Chamber, Drone x2  
  48  4:13  Drone  
  48  4:15  Drone x2  
  52  4:18  Queen  
  54  4:26  Queen  
  54  4:28  Spore Crawler  
  56  4:31  Drone x3  
  56  4:33  Zergling x2  
  56  4:35  Zergling x2  
  56  4:37  Drone  
  61  4:39  Drone x2  
  61  4:41  Drone  
  61  4:43  Zerg Melee Weapons Level 1  
  64  4:46  Drone  
  64  4:50  Drone  
  64  4:52  Overlord  
  66  4:53  Overlord  
  66  4:56  Overlord  
  66  4:59  Overlord  
  66  5:04  Overlord  
  66  5:07  Overlord  
  66  5:11  Drone x4  
  66  5:12  Drone x3  
  73  5:15  Queen  
  73  5:20  Lair  
  73  5:21  Drone  
  76  5:23  Drone x2  
  76  5:25  Drone  
  79  5:31  Drone x3  
  79  5:33  Drone x2  
  79  5:34  Roach Warren  
  79  5:35  Extractor  
  81  5:40  Drone  
  81  5:41  Drone  
  81  5:42  Extractor  
  82  5:44  Zergling x2, Extractor  
  82  5:45  Zergling x12  
  82  5:46  Zergling x2  
  82  5:48  Zergling x6  
  92  5:50  Zergling x2  
  92  5:52  Queen  
  92  5:55  Zergling x4  
  97  5:58  Overlord  
  97  6:03  Overlord  
  97  6:06  Overlord  
  97  6:10  Overlord  
  97  6:16  Roach x7  
  97  6:17  Roach  
  113  6:23  Glial Reconstitution  
  113  6:31  Roach x2  
  113  6:32  Roach x2  
  120  6:37  Overlord  
  120  6:39  Overlord  
  110  6:41  Overlord  
  110  6:45  Roach x3  
  114  6:55  Roach x7  
  132  7:01  Roach x2  
  132  7:08  Drone x5  
  137  7:10  Zerg Missile Weapons Level 1, Extractor  
  137  7:13  Hatchery  
  137  7:14  Overlord  
  135  7:20  Overlord  
  135  7:23  Overlord  
  135  7:24  Roach x4  
  135  7:26  Roach  
  135  7:29  Roach  
  147  7:35  Roach  
  149  7:37  Roach  
  149  7:39  Roach x2  
  149  7:40  Roach x2  
  157  7:47  Roach x2  
  160  7:52  Roach x3  
  160  7:53  Roach  
  160  7:57  Roach  
  170  7:58  Overseer  
  170  8:01  Overlord  
  170  8:08  Zergling x2  
  170  8:09  Zergling x8  
  170  8:10  Spire  
  170  8:11  Zergling x2  
  175  8:13  Extractor  
  175  8:15  Zergling x2  
  175  8:16  Zergling x2  
  175  8:17  Zergling x2  
  175  8:18  Zergling x2  
  175  8:19  Zergling x4  
  180  8:20  Zergling x2  
  180  8:22  Zergling x2  
  180  8:24  Zergling x2  
  180  8:25  Zergling x2  
  184  8:28  Zergling x2  
  184  8:33  Zergling x2  
  185  8:34  Zergling x2  
  185  8:36  Zergling x2  
  185  8:39  Zergling x4  
  185  8:40  Zergling x2  
  189  8:41  Zergling x4  
  189  8:45  Zergling x2  
  189  8:48  Zergling x2  
  193  8:50  Zergling x2  
  193  8:53  Zergling x2  
  193  8:55  Extractor  
  186  8:58  Extractor  
  186  8:59  Zergling x2  
  186  9:00  Zergling x2  
  186  9:01  Zergling x6  
  186  9:02  Zergling x2  
  145  9:12  Zergling x16  
  145  9:14  Zergling x2  
  145  9:16  Zergling x2  
  139  9:17  Zergling x2  
  139  9:18  Zergling x6  
  139  9:20  Zergling x2  
  139  9:22  Mutalisk x2, Zergling x2  
  139  9:24  Mutalisk x2  
  146  9:25  Mutalisk  
  146  9:30  Mutalisk x2  
  147  9:31  Mutalisk  
  147  9:32  Mutalisk  
  147  9:33  Mutalisk  
  147  9:34  Mutalisk  
  147  9:35  Mutalisk  
  145  9:40  Mutalisk  
  145  9:43  Mutalisk  
  147  9:46  Mutalisk  
  147  9:52  Mutalisk  
  149  9:57  Mutalisk  
  153  10:02  Mutalisk  
  153  10:04  Zergling x12  
  153  10:05  Zergling x4  
  163  10:12  Mutalisk  
  165  10:14  Mutalisk  
  165  10:16  Mutalisk  
  165  10:20  Mutalisk  
  170  10:24  Mutalisk  
  170  10:25  Spine Crawler x3  
  170  10:26  Spine Crawler  
  167  10:31  Mutalisk  
  167  10:34  Mutalisk  
  171  10:40  Mutalisk  
  173  10:43  Mutalisk  
  175  10:50  Mutalisk  
  175  10:52  Mutalisk  
  179  11:01  Mutalisk x2  
  183  11:04  Drone  
  183  11:05  Drone x6  
  183  11:06  Zergling x6  
  193  11:14  Mutalisk  
  193  11:17  Mutalisk  
  197  11:21  Mutalisk  
Show
View Real Time Build Order
Export as new Build Order

MaNa Protoss 

Build Orders: Oracle Opening, Phoenix Opening, Archon Immortal, Zealot Archon, Archon Drop 

Get SALT Encoding   

  12  0:00  Probe  
  13  0:13  Probe  
  14  0:17  Pylon  
  14  0:24  Probe  
  15  0:32  Probe  
  15  0:38  Assimilator  
  15  0:40  Probe  
  16  0:47  Gateway  
  17  0:50  Probe  
  18  0:59  Probe  
  19  1:07  Probe  
  20  1:17  Probe  
  20  1:24  Pylon  
  21  1:29  Probe  
  22  1:37  Cybernetics Core  
  22  1:42  Probe  
  23  1:54  Probe  
  24  2:08  Adept  
  24  2:10  Nexus  
  26  2:23  Assimilator  
  26  2:29  Warp Gate  
  26  2:41  Stargate, Pylon  
  26  2:48  Adept  
  26  2:49  Probe  
  29  2:57  Pylon  
  29  3:01  Probe  
  30  3:13  Probe  
  30  3:16  Adept  
  33  3:21  Phoenix  
  33  3:23  Probe  
  33  3:26  Probe  
  37  3:35  Probe  
  37  3:38  Probe  
  39  3:44  Gateway  
  39  3:46  Probe  
  39  3:47  Oracle  
  43  3:50  Probe  
  43  3:54  Probe  
  44  4:00  Assimilator  
  44  4:02  Assimilator, Probe x2  
  47  4:11  Robotics Facility  
  47  4:14  Probe x2  
  49  4:20  Twilight Council  
  49  4:26  Probe x2  
  51  4:35  Pylon  
  51  4:38  Probe x2  
  53  4:49  Charge, Warp Prism  
  53  4:50  Probe  
  54  4:53  Probe  
  54  4:58  Templar Archives  
  57  5:03  Gateway  
  57  5:04  Gateway  
  57  5:14  Gateway  
  57  5:15  Gateway  
  57  5:20  Zealot  
  59  5:23  Zealot  
  61  5:34  Pylon  
  61  5:36  Pylon  
  61  5:38  Pylon  
  61  5:48  Nexus  
  61  5:59  High Templar x2  
  61  6:00  High Templar x2  
  61  6:01  Shield Battery, Observer  
  69  6:04  Archon  
  69  6:05  Archon  
  69  6:07  Probe  
  71  6:11  Zealot x2  
  71  6:12  Probe  
  76  6:19  Probe  
  76  6:22  Shield Battery  
  76  6:25  Gateway x2  
  77  6:32  Zealot x2  
  81  6:35  Zealot x2  
  81  6:49  Probe  
  81  6:53  Probe  
  83  6:56  Pylon  
  83  7:01  Probe x2  
  83  7:02  Probe  
  83  7:03  Immortal  
  90  7:08  High Templar  
  90  7:09  High Templar x3, Probe  
  90  7:13  Probe  
  90  7:14  Probe  
  101  7:20  Probe  
  102  7:23  Robotics Facility  
  102  7:25  Probe  
  102  7:26  Probe  
  102  7:28  Archon x2  
  104  7:32  Assimilator, Probe  
  104  7:35  Zealot  
  107  7:37  Assimilator, Probe  
  107  7:38  Probe  
  107  7:40  Immortal  
  108  7:44  Probe  
  108  7:51  Pylon  
  109  7:52  Pylon  
  109  8:04  Immortal  
  109  8:09  Probe  
  109  8:10  Sentry x2  
  109  8:11  Sentry x2  
  118  8:17  Zealot  
  124  8:20  Pylon  
  124  8:22  Pylon  
  124  8:25  Immortal, Pylon  
  124  8:28  Shield Battery  
  124  8:33  Pylon  
  122  8:40  Zealot x6  
  130  8:43  Sentry x2  
  127  9:00  Zealot x6  
  116  9:13  Zealot x2  
  116  9:14  Immortal  
  97  9:25  Zealot x5  
  95  9:34  Probe x3  
  85  9:40  Phoenix  
  85  9:42  Probe x3  
  85  9:50  Probe x3  
  90  9:57  Phoenix  
  93  10:00  Shield Battery  
  93  10:01  Probe x3  
  98  10:13  Probe x3  
  101  10:20  Zealot x3  
  105  10:24  Phoenix  
  105  10:28  Sentry x2  
  105  10:29  Sentry  
  103  10:45  Probe  
  98  10:54  Phoenix  
  98  10:56  Probe x2  
  92  10:57  Probe  
  90  11:08  Probe x2  
  90  11:09  Probe  
  90  11:11  High Templar x4  
  97  11:16  Archon x2  
  100  11:20  Probe x2  
  100  11:23  Phoenix, Probe  
  91  11:32  Probe x2  
  91  11:35  Probe  
Tags
 
Add a new tag
Caveats
  • Supply blocks, unpowered buildings, or Contaminate may cause inaccurate times.
  • Supply counts are checked every 10 seconds.